 Dungeon Crawl Stone Soup version 0.26-b1-32-g5d43845318 (webtiles) character file.

Game seed: 14075414845181278832

34 Borgoz the Ducker (level 3, 0/30 HPs)
             Began as a Ghoul Gladiator on Jan 13, 2021.
             Slain by a hobgoblin
             ... wielding a +0 club
              (1 damage)
             ... on level 1 of the Dungeon.
             The game lasted 00:01:02 (1041 turns).

Borgoz the Ducker (Ghoul Gladiator)                 Turns: 1041, Time: 00:01:03

Health: 0/30       AC:  4    Str: 16 (17) XL:     3   Next: 31%
Magic:  0/2        EV: 12    Int:  1 (3)  God:
Gold:   91         SH:  0    Dex: 10 (11) Spells: 2/2 levels left

rFire    . . .     SeeInvis .   a - +0 flail
rCold    + . .     Faith    .   (no shield)
rNeg     + + +     Spirit   +   b - +0 leather armour
rPois    ∞         Reflect  .   c - +0 helmet
rElec    .         Harm     .   (no cloak)
rCorr    .         Rampage  .   (no gloves)
Will     .....                  (no boots)
Stlth    +.........             f - amulet of guardian spirit
HPRegen  0.00/turn              (no ring)
MPRegen  0.08/turn              (no ring)

@: attractive, hasted, very quick
A: claws 1, cold resistance 1, negative energy resistance 3, inhibited
regeneration, torment resistance, unbreathing
a: no special abilities


You were on level 1 of the Dungeon.
You visited 1 branch of the dungeon, and saw 2 of its levels.

You collected 91 gold pieces.

Inventory:

Hand Weapons
 a - a +0 flail (weapon)
Missiles
 d - 3 throwing nets (quivered)
Armour
 b - a +0 leather armour (worn)
 c - a +0 helmet (worn)
Jewellery
 f - an amulet of guardian spirit (around neck)
Scrolls
 g - a scroll of teleportation {unknown}
 i - a scroll of amnesia {unknown}
 j - a scroll of enchant armour {unknown}


   Skills:
 + Level 2.5 Fighting
 * Level 3.1 Maces & Flails
 - Level 1.7 Throwing
 * Level 1.1 Armour
 * Level 3.1 Dodging


You had 2 spell levels left.
You didn't know any spells.
Your spell library was empty.

Dungeon Overview and Level Annotations

Branches:
Dungeon (2/15)

Altars:


Innate Abilities, Weirdness & Mutations

You thrive by killing the living.
You are immune to poison.
You have sharp fingernails.
Your flesh is cold resistant. (rC+)
You are immune to negative energy. (rN+++)
You do not regenerate when monsters are visible.
You are immune to unholy pain and torment.
You can survive without breathing.


Message History

You barely miss the goblin. The goblin hits you but does no damage.
The quokka is pulled toward you!
You hit the goblin.
You kill the goblin!
The rat bites you but does no damage. The quokka misses you.
The hobgoblin is pulled toward you! The adder is pulled toward you!
The quokka is pulled toward you! The adder is pulled toward you!
The hobgoblin is pulled toward you! The rat is pulled toward you!
There is a stone staircase leading up here.
The quokka misses you.
You climb upwards.
There is a stone staircase leading down here.
You barely miss the hobgoblin. The hobgoblin closely misses you.
The quokka barely misses you.
You hit the hobgoblin.
The hobgoblin is severely wounded.
The hobgoblin hits you with a +0 club.
You die...

###### #....###
##.♣♣[..#
#.♣♣♣♣♣.# #.♣
♣.##### ####.♣
♣.....### .....♣
♣.....g@# #....♣
♣♣..##.#r#
#....♣♣♣♣....#.#.#
####.........#.#.#
##.#.#....#)#.#
#...#....#.#.#
###.#......#.# #
#.#...)###.# #
#.#....#...#


You could see a quokka and a hobgoblin.

Vanquished Creatures
  2 dart slugs (D:1)
  2 leopard geckos (D:1)
  2 giant cockroaches (D:1)
  3 hobgoblins (D:1)
  9 kobolds (D:1)
  A ball python (D:1)
  3 bats (D:1)
  4 goblins
  3 rats (D:1)
29 creatures vanquished.

Notes
Turn   | Place    | Note
-------+----------+-------------------------------------------
     0 | D:1      | Borgoz the Ghoul Gladiator began the quest for the Orb.
     0 | D:1      | Reached XP level 1. HP: 17/17 MP: 0/0
   235 | D:1      | Reached XP level 2. HP: 22/24 MP: 1/1
   522 | D:1      | Reached skill level 1 in Armour
   522 | D:1      | Reached XP level 3. HP: 24/30 MP: 2/2
  1025 | D:2      | HP: 1/30 [quokka (3)]
  1041 | D:1      | Slain by a hobgoblin

Illustrated notes

Levels and vault maps discovered:
D:1:      minmay_arrival_hallway, layout_basic, minmay_misc_feat_tower,
          minmay_tree_intersection, st_stairs_4, nrook_campfire
D:2:      layout_rooms, nzn_wu_jian_council_hall, uniq_crazy_yiuf_cottage

Skill      XL: |  1  2 |
---------------+-------+-----
Maces & Flails | 3 |  3.1
Dodging        | 3 |  3.1
Armour         | 1 |  1.1
Fighting       | |  2.5
Throwing       | |  1.7

Action                   || total
-------------------------++-------
Melee: Flail             ||    98
  Use: Potion            ||     3
Armor: Leather armour    ||    39
Dodge: Dodged            ||   103
